 Dungeon Crawl Stone Soup version 0.28-a0-1435-g82390b3a13 (webtiles) character file.

Game seed: 9341193907849273322

21 avis the Slasher (level 2, 26/26 HPs)
             Began as a Minotaur Cinder Acolyte on Jan 9, 2022.
             Was a High Priest of Ignis.
             Got out of the dungeon alive.
             The game lasted 00:03:31 (749 turns).

avis the Slasher (Minotaur Cinder Acolyte)           Turns: 749, Time: 00:03:31

Health: 26/26      AC:  2    Str: 18    XL:     2   Next: 65%
Magic:  2/2        EV: 11    Int: 11    God:    Ignis [*****.]
Gold:   58         SH:  0    Dex:  5    Spells: 3/3 levels left

rFire   + . .      SeeInvis .   a - -1 falchion (flame)
rCold   . . .      Faith    .   (no shield)
rNeg    . . .      Spirit   .   b - +0 robe
rPois   .          Reflect  .   (helmet restricted)
rElec   .          Harm     .   (no cloak)
rCorr   .          Rampage  .   (no gloves)
Will    .....                   (no boots)
Stlth   +.........              (no amulet)
HPRegen 0.08/turn               (no ring)
MPRegen 0.08/turn               (no ring)

@: no status effects
A: horns 2, retaliatory headbutt
a: Renounce Religion, Fiery Armour, Foxfire Swarm, Rising Flame


You escaped.
You worshipped Ignis.
Ignis was extremely pleased with you.
You visited 1 branch of the dungeon, and saw 2 of its levels.

You collected 58 gold pieces.

Inventory:

Hand Weapons
 a - a -1 falchion of flaming (weapon)
 e - a +4 dagger
Missiles
 c - 14 bolts
 h - 20 stones (quivered)
Armour
 b - a +0 robe (worn)
Magical Staves
 i - a staff of fire
Scrolls
 g - a scroll of fear {unknown}
Potions
 d - a potion of ambrosia {unknown}
 f - a potion of magic {unknown}


   Skills:
 - Level 3.6 Fighting
 * Level 4.9 Long Blades
 - Level 1.0 Spellcasting
 - Level 2.1 Fire Magic


You had 3 spell levels left.
You didn't know any spells.
Your spell library contained the following spells:

 Spells                   Type           Power      Damage    Failure   Level
 Scorch                   Fire           10%        2d5       21%         2


Dungeon Overview and Level Annotations

Branches:
Dungeon (2/15)

Altars:


Innate Abilities, Weirdness & Mutations

You have a pair of horns on your head.
You reflexively headbutt those who attack you in melee.


Message History

The hobgoblin hits you.
You closely miss the hobgoblin. The hobgoblin closely misses you.
You furiously retaliate!
You headbutt the hobgoblin. You closely miss the hobgoblin.
Your headbutt misses the hobgoblin.
The hobgoblin is heavily wounded.
The hobgoblin hits you but does no damage.
You barely miss the hobgoblin.
The hobgoblin is heavily wounded.
The hobgoblin misses you.
You hit the hobgoblin. You burn the hobgoblin.
The hobgoblin is almost dead.
The hobgoblin hits you.
You slash the hobgoblin! You burn the hobgoblin.
You kill the hobgoblin!
You hit the hobgoblin. You burn the hobgoblin.
The hobgoblin is severely wounded.
The hobgoblin hits you.
You barely miss the hobgoblin. Your headbutt misses the hobgoblin.
The hobgoblin is severely wounded.
The hobgoblin hits you.
You barely miss the hobgoblin.
The hobgoblin is severely wounded.
The hobgoblin barely misses you.
You barely miss the hobgoblin. You headbutt the hobgoblin.
You kill the hobgoblin!
You see here a staff of fire.
i - a staff of fire You start resting.
HP restored.
Okay, then.
Done exploring.
Done exploring.
Okay, then.
Search for what [? for help]? .
There is a staircase leading out of the dungeon here.
Are you sure you want to leave the Dungeon?
This will make you lose the game!
Alright, then stay!
Unknown command.
Are you sure you want to leave the Dungeon?
This will make you lose the game!
You have escaped!

#..#.#.###.## #.# #.#
#........^..# #.## #.#
#.##.#.####.###..### #.#
###.##.#.............# #.#
#...##.#..≈.......≈..# #.#
#.####[#.≈≈≈.....≈≈≈.####.# #.#
#....≈.......≈.......# #.#
#................########
#.#####......@≈.......# #...
#.#..........≈≈≈.....######.##
#.#.##........≈>............##
#.#.###..............#########
#.#.# #...≈.......≈..## #
#.#.###..≈≈≈.....≈≈≈..# ###
##.........≈.......≈...# #..
#....####..............######..
#.#### #####..................


There were no monsters in sight!

Vanquished Creatures
  A ball python (D:1)
  4 endoplasms (D:1)
  6 hobgoblins (D:1)
  3 bats (D:1)
  3 frilled lizards (D:1)
  A rat (D:1)
18 creatures vanquished.

Notes
Turn   | Place    | Note
-------+----------+-------------------------------------------
     0 | D:1      | avis the Minotaur Cinder Acolyte began the quest for the
                  | Orb.
     0 | D:1      | Reached XP level 1. HP: 19/19 MP: 1/1
   151 | D:1      | Reached skill level 4 in Long Blades
   234 | D:1      | Reached XP level 2. HP: 26/26 MP: 2/2
   470 | D:1      | You fall into a shaft and drop 1 floor!
   749 | D:$      | Got out of the dungeon alive.

Illustrated notes

Levels and vault maps discovered:
D:1:      minmay_arrival_five_plusses, layout_loops_ring, grunt_decor_one_mirror
D:2:      layout_basic, minmay_fountain_box, kennysheep_generic_room_13,
          uniq_natasha, uniq_jessica, uniq_crazy_yiuf_cottage

Skill      XL: |  1 |
---------------+----+-----
Long Blades    | 4 |  4.9
Fighting       | |  3.6
Spellcasting   | |  1.0
Fire Magic     | |  2.1

Action                   || total
-------------------------++-------
Melee: Falchion          ||    31
       Headbutt          ||     2
Armor: Robe              ||     6
Dodge: Dodged            ||    14

Table legend: (Time is in decaauts)
 A = Elapsed time spent in this place.
 B = Non-inter-level travel time spent in this place.
 C = Inter-level travel time spent in this place.
 D = Time resting spent in this place.
 E = Time spent auto-exploring this place.
 F = Levels seen in this place.
 G = Mean time per level.
                   A        B        C        D        E       F      G
               +--------+--------+--------+--------+--------+-----+--------+
         Total |    751 |    708 |     43 |     96 |    436 |   2 |  375.5 |
       Dungeon |    751 |    708 |     43 |     96 |    436 |   2 |  375.5 |
               +--------+--------+--------+--------+--------+-----+--------+

Top non-repeatable levels by time:
     D:1: 720 daAuts
     D:2: 30 daAuts
